Map: [ESL] Gresvan

Players

Cow (PiG)

  • Race: Terran Terran
  • League: Grandmaster
  • Spawn Location: 5:00

TengenUzui - Winner!

  • Race: Terran Terran
  • League: Silver
  • Spawn Location: 11:00

VOD

https://www.youtube.com/playlist?list=PLOrKQEirgvjBrkg_LERyoNc_WYX2C2tgI

Description

Time

  • Played on: July 11, 2023, 5:30 p.m.
  • Length: 12:47
Show
View Real Time Build Order
Export as new Build Order

Cow Terran 

Build Orders:  

Get SALT Encoding   

  12  0:02  SCV  
  13  0:15  SCV  
  14  0:23  Supply Depot  
  14  0:27  SCV  
  15  0:45  SCV  
  16  0:52  Barracks  
  16  0:58  Refinery  
  16  0:59  SCV  
  17  1:11  SCV  
  18  1:23  SCV  
  19  1:40  Orbital Command  
  19  1:42  Barracks Reactor  
  19  1:54  Command Center  
  19  2:08  Supply Depot  
  19  2:20  SCV  
  20  2:32  SCV  
  21  2:37  Factory  
  21  2:44  SCV  
  21  2:45  Refinery  
  21  2:56  SCV  
  22  3:15  Orbital Command  
  22  3:19  Bunker  
  22  3:25  SCV  
  23  3:38  SCV  
  24  3:43  Marine x2  
  26  3:49  Starport  
  26  3:50  Factory Tech Lab, SCV  
  27  4:00  Marine x2  
  27  4:02  SCV  
  30  4:11  Siege Tank  
  33  4:18  Marine x2  
  35  4:26  SCV x2  
  37  4:36  Marine  
  38  4:38  SCV  
  38  4:39  SCV  
  40  4:50  SCV  
  40  4:51  SCV  
  42  4:55  Marine x2  
  42  4:59  Viking  
  46  5:22  Supply Depot  
  46  5:23  Supply Depot  
  46  5:27  SCV  
  46  5:28  SCV  
  46  5:29  Marine  
  46  5:30  Marine  
  46  5:34  Siege Tank  
  45  5:39  SCV  
  45  5:40  SCV  
  46  5:47  Marine  
  46  5:48  Marine  
  48  6:06  Siege Tank  
  48  6:09  SCV x2  
  53  6:21  SCV  
  53  6:22  SCV  
  53  6:23  Supply Depot  
  55  6:26  Supply Depot  
  55  6:27  Marine x2  
  55  6:30  Starport Reactor  
  57  6:33  SCV  
  57  6:34  SCV  
  57  6:38  Siege Tank  
  62  6:45  Marine x2  
  62  6:46  SCV x2  
  66  6:58  SCV  
  66  6:59  Barracks  
  66  7:00  Barracks x2  
  67  7:03  Barracks, Marine x2  
  69  7:10  Siege Tank  
  72  7:21  Marine x2  
  74  7:32  SCV x2  
  76  7:38  Marine  
  76  7:39  Marine  
  78  7:57  Barracks Tech Lab  
  78  7:59  Barracks Tech Lab  
  78  8:03  Barracks Tech Lab  
  78  8:04  Barracks Tech Lab  
  78  8:05  Barracks Reactor x2  
  78  8:14  Supply Depot  
  78  8:32  Supply Depot  
  78  8:34  Medivac x2, Marine x2, SCV x2  
  78  8:36  Siege Tank  
  89  8:46  SCV x2  
  91  8:52  Marine x2  
  93  8:59  Stimpack, Combat Shield, SCV x2  
  93  9:01  Marauder x2  
  99  9:04  Medivac  
  99  9:07  Marine x4  
  99  9:08  Siege Tank  
  108  9:10  Marine x2  
  110  9:24  Refinery, Engineering Bay  
  110  9:26  Refinery  
  110  10:00  Terran Infantry Weapons Level 1  
  110  10:17  Supply Depot  
  110  10:26  Supply Depot x2  
  110  10:27  Supply Depot  
  110  10:29  Supply Depot x2  
  110  10:31  Supply Depot  
  110  10:38  Marine x2  
  110  10:39  Supply Depot, Marauder, Siege Tank, SCV  
  118  10:48  Medivac x2, Marine x4, Marauder, SCV  
  129  10:52  Supply Depot  
  129  10:56  Marine x2  
  131  11:00  Marauder  
  133  11:05  Marine x2  
  133  11:06  Marine x2  
  133  11:07  Concussive Shells  
  133  11:10  Marauder  
  133  11:11  Siege Tank  
  142  11:14  Marine x2  
  142  11:18  Medivac x2  
  148  11:22  Marauder  
  148  11:23  Marine  
  151  11:31  Marauder  
  153  11:43  Marauder, Widow Mine  
  141  12:04  Siege Tank  
  93  12:13  Marauder x2  
  93  12:14  Marine x6  
Show
View Real Time Build Order
Export as new Build Order

TengenUzui Terran - Winner!

Build Orders: Liberator Opening 

Get SALT Encoding   

  12  0:00  SCV  
  13  0:12  SCV  
  14  0:17  Supply Depot  
  14  0:24  SCV  
  15  0:39  SCV  
  15  0:40  Barracks  
  16  0:45  Refinery  
  16  0:51  SCV  
  17  1:04  SCV  
  18  1:16  SCV  
  19  1:30  Orbital Command  
  19  1:37  Barracks Reactor  
  19  1:44  Command Center  
  19  1:56  SCV  
  20  2:12  Factory  
  20  2:14  SCV  
  20  2:15  Refinery  
  21  2:16  Marine  
  21  2:17  Marine  
  23  2:36  Supply Depot  
  23  2:55  Marine x2  
  23  2:56  SCV  
  23  2:58  Factory Tech Lab  
  26  3:02  Supply Depot  
  26  3:04  Starport  
  26  3:05  Orbital Command  
  26  3:08  SCV  
  27  3:13  Marine x2  
  29  3:25  Siege Tank, Supply Depot  
  32  3:31  SCV  
  33  3:39  Marine  
  33  3:40  Marine  
  35  3:44  SCV  
  35  3:48  Supply Depot  
  36  3:50  SCV  
  36  3:53  Liberator  
  40  4:04  Siege Tank  
  40  4:07  SCV x2  
  45  4:14  Supply Depot  
  45  4:16  Marine  
  46  4:17  Marine  
  46  4:19  SCV x2  
  49  4:31  SCV x2  
  51  4:34  Marine  
  51  4:35  Marine  
  51  4:38  Starport Reactor  
  53  4:41  Siege Tank  
  53  4:43  SCV x2  
  58  4:50  Supply Depot  
  58  4:55  SCV x2  
  60  5:05  Marine x2  
  62  5:07  SCV x2  
  64  5:18  Barracks  
  64  5:19  SCV x2  
  64  5:20  Barracks  
  66  5:26  Command Center, Engineering Bay  
  66  5:30  Engineering Bay  
  66  5:33  Refinery  
  66  5:36  SCV x2  
  66  5:37  Refinery  
  68  5:48  SCV x2  
  67  5:52  Marine  
  67  5:53  Marine  
  67  5:54  Medivac, Siege Tank  
  67  5:56  Medivac  
  76  6:00  SCV  
  76  6:01  SCV  
  78  6:06  Supply Depot  
  78  6:10  Marine x2  
  80  6:11  Barracks Tech Lab x2  
  80  6:13  SCV x2  
  80  6:14  Terran Infantry Weapons Level 1  
  80  6:18  Terran Infantry Armor Level 1  
  82  6:25  SCV  
  82  6:26  SCV  
  84  6:37  Marine x2  
  84  6:38  SCV x2  
  84  6:39  Medivac, Siege Tank  
  93  6:40  Medivac  
  95  6:50  Combat Shield, SCV x2  
  97  6:55  Marine x2  
  97  6:57  Stimpack  
  99  7:04  Supply Depot  
  99  7:12  Armory  
  99  7:13  Marine x2  
  101  7:17  SCV x2  
  103  7:25  Siege Tank  
  103  7:29  SCV x2  
  108  7:30  Medivac, Marine  
  108  7:31  Marine  
  112  7:39  Barracks, SCV  
  112  7:41  Barracks, SCV  
  112  7:42  SCV  
  115  7:49  Marine  
  115  7:50  Marine  
  117  7:54  Supply Depot  
  117  8:01  Terran Vehicle Weapons Level 1, Supply Depot  
  117  8:15  Marine x4, SCV x3  
  124  8:22  Refinery  
  124  8:23  Refinery, Medivac x2  
  124  8:25  Supply Depot  
  128  8:27  Supply Depot  
  128  8:28  SCV x3  
  128  8:33  Marine x2  
  133  8:46  Thor, Marine  
  133  8:47  SCV  
  141  8:48  Marine x3  
  141  8:49  Supply Depot, SCV x2  
  141  8:50  Marine  
  141  8:51  Marine, Supply Depot  
  148  8:59  SCV  
  149  9:04  Factory  
  149  9:10  Marine x4  
  149  9:11  Medivac x2  
  149  9:12  Marine x2  
  159  9:20  Supply Depot  
  159  9:21  Supply Depot  
  159  9:28  Marine x3  
  159  9:30  Marine x2  
  164  9:33  Terran Infantry Weapons Level 2  
  164  9:42  Terran Infantry Armor Level 2, Thor  
  164  9:44  Marine  
  171  9:46  Marine x3  
  171  9:48  Marine x2  
  171  9:49  Supply Depot  
  171  9:52  Command Center  
  176  10:02  Factory Tech Lab, Marine  
  176  10:04  Marine x3  
  176  10:06  Marine  
  181  10:10  Marine  
  181  10:13  Medivac x2  
  186  10:17  Supply Depot x2  
  186  10:20  Marine  
  187  10:22  Marine x2  
  187  10:25  Terran Vehicle Weapons Level 2  
  189  10:38  Thor, Marine x2  
  189  10:39  Marine x2  
  189  10:40  Marine  
  200  11:59  Thor  
Tags
 
Add a new tag
Caveats
  • Supply blocks, unpowered buildings, or Contaminate may cause inaccurate times.
  • Supply counts are checked every 10 seconds.